 Dungeon Crawl Stone Soup version 0.16-a0-3855-gd2600ac (console) character file.

5222 Monkaria the Severer (level 10, -13/93 HPs)
             Began as a Hill Orc Fighter on Jan 31, 2015.
             Mangled by Erolcha
             ... wielding a +0 giant spiked club
              (19 damage)
             ... while paralysed by Erolcha
             ... on level 8 of the Dungeon.
             The game lasted 00:23:21 (9977 turns).

Monkaria the Severer (Hill Orc Fighter)             Turns: 9977, Time: 00:23:21

Health: -13/93     AC: 13    Str: 23    XL:     10   Next: 61%
Magic:  10/10      EV:  2    Int:  8    God:
Gold:   230        SH:  0    Dex: 10    Spells: 0 memorised, 9 levels left

rFire  . . .     SeeInvis .     E - +2 war axe (venom)
rCold  . . .     Clarity  .     b - +0 scale mail
rNeg   . . .     SustAb   .     c - +0 shield
rPois  .         Gourm    .     (no helmet)
rElec  .         Spirit   .     G - +2 cloak {+Inv}
rCorr  .         Warding  .     z - +1 pair of gloves
rMut   .         Stasis   .     (no boots)
MR     .....                    (no amulet)
Stlth  ..........               f - ring of teleport control
                                (no ring)

@: paralysed, not resistant to hostile enchantments, extremely unstealthy
A: no striking features
a: Evoke Invisibility, Evoke Teleport Control


You were on level 8 of the Dungeon.
You were not hungry.

You visited 2 branches of the dungeon, and saw 9 of its levels.

You collected 424 gold pieces.
You spent 194 gold pieces at shops.

Inventory:

Hand weapons
 E - a +2 war axe of venom (weapon)
Missiles
 k - 13 poisoned needles
 C - 5 tomahawks of returning (quivered)
Armour
 b - a +0 scale mail (worn)
 c - a +0 shield (worn)
 z - a +1 pair of gloves (worn)
 G - a +2 cloak of invisibility (worn)
Jewellery
 e - an uncursed ring of ice
 f - a ring of teleport control (right hand)
Magical devices
 j - a wand of random effects (24)
 l - a wand of flame (9)
 p - a wand of slowing (0)
 J - a wand of paralysis (24)
Scrolls
 q - 2 scrolls of blinking
 r - 6 scrolls of remove curse
 t - a scroll of amnesia {unknown}
 w - 3 scrolls of enchant weapon
 x - 6 scrolls of teleportation
 y - a scroll of recharging
 I - 2 scrolls of immolation {unknown}
 K - a scroll of magic mapping
Potions
 a - a potion of berserk rage
 g - 2 potions of heal wounds
 i - 2 potions of curing
 o - 2 potions of ambrosia
 s - a potion of restore abilities
 v - a potion of magic {unknown}
 B - a potion of agility
 D - a potion of cancellation {unknown}
 F - 2 potions of mutation
Books
 h - a book of Enchantments

   Spells                             Type                      Level
   a - Tukima's Dance                 Hexes                        3
   b - Cause Fear                     Hexes                        4
   c - Silence                        Hexes/Air                    5
   d - Deflect Missiles               Charms/Air                   6
   e - Haste                          Charms                       6
   f - Discord                        Hexes                        8
 n - a book of Transfigurations

   Spells                             Type                      Level
   a - Stoneskin                      Transmutation/Earth          2
   b - Irradiate                      Conjuration/Transmutation    5
   c - Statue Form                    Transmutation/Earth          6
   d - Hydra Form                     Transmutation                6
   e - Dragon Form                    Transmutation                7
 u - a book of Death

   Spells                             Type                      Level
   a - Corpse Rot                     Necromancy                   2
   b - Sublimation of Blood           Necromancy                   2
   c - Agony                          Necromancy                   5
   d - Dispel Undead                  Necromancy                   5
   e - Excruciating Wounds            Charms/Necromancy            5
   f - Bolt of Draining               Conjuration/Necromancy       5
Comestibles
 d - 4 meat rations
 m - 7 fruits
 A - 6 bread rations
 H - 3 slices of pizza


   Skills:
 - Level 10.1 Fighting
 + Level 15.0 Axes
 - Level 7.0 Armour
 - Level 3.2 Shields


You had 9 spell levels left.
You didn't know any spells.

Dungeon Overview and Level Annotations

Branches:
Dungeon (8/15)             Temple (1/1) D:4
   Lair: D:8-11

Altars:
Ashenzari
Cheibriados
Dithmenos
Elyvilon
Fedhas
Gozag
Kikubaaqudgha
Nemelex Xobeh
Okawaru
Ru
Sif Muna
Trog
Vehumet
Yredelemnul
Zin
The Shining One

Shops:
D:4 *   D:7 [

Annotations:
D:8 Erolcha


Message History

Erolcha barely misses you.
Erolcha hits you with a giant spiked club.
Erolcha hits you with a giant spiked club.
You can move again.
You closely miss Erolcha.
Erolcha screams, "Erolcha angry!"
Erolcha hits you with a giant spiked club.
You barely miss Erolcha.
Erolcha hits you with a giant spiked club!!
You slash Erolcha!
Erolcha is moderately wounded.
Erolcha casts a spell at you.
You suddenly lose the ability to move!
Erolcha hits you with a giant spiked club! x3
Erolcha hits you with a giant spiked club!!
* * * LOW HITPOINT WARNING * * *
Erolcha casts a spell at you. You resist with some effort.
Erolcha hits you with a giant spiked club!!
You die...

#########.#.....# ##......
#########.#.....#####......
..........+...?.'........>.
##.######.#.....#####....†.
..........#.....+..........
##.####...#.....######.....
#...#.....# #...†.
#.........##########'
#...@................
#...O.###............
###...# #............ #...#
##........... #...#
############ #...# #...#
#...# ...#


You could see Erolcha.

Vanquished Creatures
  The ghost of soonmide the Sinner, an experienced HOHe of Elyvilon (D:6)
  Pikel (D:5)
  A hill giant (D:7)
  A centaur (D:5)
  5 yaks (D:6)
  A hippogriff (D:7)
  Edmund (D:4)
  The ghost of wojtek the Cutter, an average KoAs (D:3)
  2 orc warriors
  2 phantoms
  A sky beast (D:8)
  3 ogres
  A slave (D:5)
  2 crocodiles (D:7)
  Sigmund (D:5)
  A giant frog (D:7)
  A wyvern zombie (D:6)
  3 killer bees (D:6)
  A scorpion (D:7)
  3 wights (D:8)
  A goliath beetle (D:6)
  4 hounds
  Crazy Yiuf (D:6)
  2 centaur zombies
  5 orc priests
  8 orc wizards
  2 centaur skeletons
  3 iguanas (D:4)
  Natasha (twice) (D:3)
  8 worker ants
  3 hell rats (D:6)
  Ijyb (D:2)
  Jessica (D:2)
  Terence (D:2)
  2 hound skeletons
  3 gnolls (D:7)
  A worker ant zombie (D:5)
  16 adders
  5 river rats (D:6)
  2 shadow imps
  4 worms
  An adder skeleton (D:6)
  7 giant geckos
  An ooze (D:2)
  25 orcs
  A ball python (D:6)
  7 bats
  A bat zombie (D:5)
  3 giant cockroaches
  19 goblins
  17 hobgoblins
  16 kobolds
  4 quokkas
  2 giant newts
  2 jackals (D:7)
  A quokka skeleton (D:5)
  33 rats
  8 ballistomycetes (D:5)
256 creatures vanquished.

Vanquished Creatures (others)
  A slave (D:5)
  A bat (D:5)
  A giant spore (D:5)
  A goblin (D:5)
4 creatures vanquished.

Grand Total: 260 creatures vanquished

Notes
Turn   | Place    | Note
--------------------------------------------------------------
     0 | D:1      | Monkaria, the Hill Orc Fighter, began the quest for the Orb.
     0 | D:1      | Reached XP level 1. HP: 19/19 MP: 1/1
   233 | D:1      | Reached XP level 2. HP: 27/27 MP: 2/2
   813 | D:1      | Reached skill level 4 in Axes
   853 | D:2      | Found a snail-covered altar of Cheibriados.
   865 | D:2      | Noticed Terence
   877 | D:2      | Killed Terence
   877 | D:2      | Reached XP level 3. HP: 29/33 MP: 3/3
   945 | D:2      | Noticed Jessica
   954 | D:2      | Killed Jessica
   956 | D:2      | Noticed Ijyb
   975 | D:2      | Killed Ijyb
   975 | D:2      | Reached skill level 5 in Axes
   975 | D:2      | Reached XP level 4. HP: 39/41 MP: 4/4
  1150 | D:2      | Found a deep blue altar of Sif Muna.
  1589 | D:2      | Reached XP level 5. HP: 47/47 MP: 5/5
  1610 | D:3      | Found a shattered altar of Ashenzari.
  1612 | D:3      | Noticed Natasha
  1623 | D:3      | Killed Natasha
  1623 | D:3      | Reached skill level 6 in Axes
  1965 | D:3      | Reached skill level 5 in Fighting
  2185 | D:3      | Found a sparkling altar of Nemelex Xobeh.
  2185 | D:3      | Found a radiant altar of Vehumet.
  2186 | D:3      | Noticed wojtek's ghost (average KoAs)
  2222 | D:3      | Killed wojtek's ghost
  2222 | D:3      | Reached skill level 7 in Axes
  2222 | D:3      | Reached XP level 6. HP: 18/56 MP: 6/6
  2524 | D:3      | Noticed Natasha
  2533 | D:3      | Killed Natasha
  3064 | D:4      | Reached skill level 8 in Axes
  3188 | D:4      | Noticed Pikel
  3456 | D:4      | Reached XP level 7. HP: 43/61 MP: 7/7
  3560 | D:4      | Reached skill level 9 in Axes
  3569 | D:4      | Noticed Edmund
  3602 | D:4      | Killed Edmund
  3801 | D:4      | Noticed Sigmund
  3804 | D:4      | Reached skill level 10 in Axes
  3817 | D:5      | Entered Level 5 of the Dungeon
  4134 | D:5      | Killed Sigmund
  4310 | D:4      | Found Plucrudd's Assorted Antiques.
  4313 | D:4      | Bought a scroll labeled BIENEX STRUO for 20 gold pieces
  4313 | D:4      | Bought 2 dark potions for 36 gold pieces
  4313 | D:4      | Bought a metallic red potion for 18 gold pieces
  4313 | D:4      | Bought a scroll labeled TRONAPS TIOTUO for 20 gold pieces
  4313 | D:4      | Bought a scroll labeled JYBRYUF ROHYH for 20 gold pieces
  4313 | D:4      | Bought a bronze wand for 80 gold pieces
  4415 | D:4      | Reached skill level 11 in Axes
  4415 | D:4      | Reached XP level 8. HP: 50/68 MP: 8/8
  4483 | D:4      | Found a staircase to the Ecumenical Temple.
  4488 | Temple   | Entered the Ecumenical Temple
  4809 | D:5      | Killed Pikel
  4809 | D:5      | Reached skill level 12 in Axes
  4943 | D:5      | Reached skill level 13 in Axes
  5763 | D:6      | Reached XP level 9. HP: 74/74 MP: 9/9
  5796 | D:5      | Reached skill level 5 in Armour
  6104 | D:6      | Noticed soonmide's ghost (experienced HOHe)
  6681 | D:6      | Noticed Crazy Yiuf
  6688 | D:6      | Killed Crazy Yiuf
  8066 | D:7      | Noticed a hill giant
  8075 | D:7      | Killed a hill giant
  8390 | D:7      | Reached XP level 10. HP: 86/92 MP: 10/10
  8483 | D:7      | Reached skill level 10 in Fighting
  8567 | D:7      | Found Fileimme's Armour Shoppe.
  8650 | D:7      | Found an opulent altar of Gozag.
  8856 | D:7      | Noticed a centaur zombie
  8872 | D:7      | Killed a centaur zombie
  9058 | D:6      | Killed soonmide's ghost
  9058 | D:6      | Reached skill level 14 in Axes
  9937 | D:8      | Reached skill level 15 in Axes
  9961 | D:8      | Noticed Erolcha
  9964 | D:8      | Paralysed by Erolcha for 6 turns
  9972 | D:8      | Paralysed by Erolcha for 6 turns
  9977 | D:8      | Mangled by Erolcha

Action                   |  1- 3 |  4- 6 |  7- 9 | 10-12 || total
-------------------------+-------+-------+-------+-------++-------
Melee: War axe           |    65 |   234 |   411 |   190 ||   900
Throw: Tomahawk          |       |       |     5 |       ||     5
Evoke: Wand              |       |       |       |     5 ||     5
  Use: Scroll            |     1 |       |    14 |     2 ||    17
       Potion            |       |     1 |     2 |       ||     3
  Eat: Chunk             |       |     9 |    13 |     6 ||    28
       Beef jerky        |       |       |     1 |       ||     1
